 Dungeon Crawl Stone Soup version 0.19.5 (webtiles) character file.

26397 Inchmeat the Carver (level 12, 0/99 HPs)
             Began as a Demonspawn Monk on Apr 11, 2017.
             Was the Champion of Okawaru.
             Slain by Rupert
             ... wielding a +2 battleaxe of venom
              (17 damage)
             ... on level 4 of the Lair of Beasts on Apr 16, 2017.
             The game lasted 01:03:08 (16705 turns).

Inchmeat the Carver (Demonspawn Monk)              Turns: 16705, Time: 01:03:08

Health: 0/99       AC: 13    Str: 13    XL:     12   Next: 98%
Magic:  14/16      EV: 18    Int: 16    God:    Okawaru [******]
Gold:   867        SH:  0    Dex: 19    Spells: 0 memorised, 11 levels left

rFire  + . .     SeeInvis .     j - +2 demon blade (vamp)
rCold  . . .     Gourm    .     w - +1 leather armour {rF+}
rNeg   . . .     Faith    .     (no shield)
rPois  .         Spirit   .     C - +2 helmet
rElec  .         Reflect  +     (no cloak)
rCorr  .         Harm     .     s - +2 pair of gloves
MR     +....                    (no boots)
Stlth  +.........               k - +3 amulet of reflection
                                J - ring of Syckanua {Int+4 Slay+2}
                                X - ring of protection from magic

@: confused, lethally poisoned (0 -> -44), heroism, finesse
A: claws 1, molten scales 1, powered by death 3, spiny 3
a: Heroism, Finesse, Renounce Religion


You were on level 4 of the Lair of Beasts.
You worshipped Okawaru.
Okawaru was exalted by your worship.
You were hungry.

You visited 2 branches of the dungeon, and saw 16 of its levels.

You collected 957 gold pieces.
You spent 90 gold pieces at shops.

Inventory:

Hand Weapons
 h - a +2 halberd of freezing
 j - a +2 vampiric demon blade (weapon)
 z - a +1 falchion of slicing
Missiles
 K - 8 javelins of returning (quivered)
Armour
 e - a +0 troll leather armour
 f - a +2 shield of reflection
 s - a +2 pair of gloves (worn)
 w - a +1 leather armour of fire resistance (worn)
 C - a +2 helmet (worn)
Magical Staves
 H - an uncursed staff of poison {unknown}
Jewellery
 k - a +3 amulet of reflection (around neck)
 t - an uncursed ring of protection from fire
 y - a +1 ring of protection
 E - an uncursed ring of flight
 J - the ring of Syckanua (right hand) {Int+4 Slay+2}
   (You found it on level 9 of the Dungeon)

   [ring of slaying]

   It affects your intelligence (+4).
   It affects your accuracy and damage with ranged weapons and melee attacks
   (+2).
 U - an uncursed amulet of the gourmand
 X - a ring of protection from magic (left hand)
 Y - an uncursed ring of fire {unknown}
Wands
 d - a wand of random effects (9/48)
 g - a wand of acid (0/15)
 o - a wand of acid (6/15)
 r - a wand of lightning (7/15)
 F - a wand of flame (13/48)
 I - a wand of polymorph (10/24)
 M - a wand of random effects (26/48)
 P - a wand of paralysis (3/24)
Scrolls
 i - 7 scrolls of remove curse
 m - a scroll of teleportation
 n - 4 scrolls of enchant armour
 q - 3 scrolls of recharging
 v - a scroll of fog
 x - 3 scrolls of amnesia
 R - a scroll of silence {unknown}
 T - a scroll of identify
Potions
 a - a potion of resistance
 b - 4 potions of flight
 u - a potion of cure mutation
 A - a potion of cancellation
 B - a potion of agility
 S - a potion of magic {unknown}
Books
 p - a book of Maledictions

   Spells                             Type                      Level
   a - Corona                         Hexes                        1
   b - Ensorcelled Hibernation        Hexes/Ice                    2
   c - Confuse                        Hexes                        3
   d - Tukima's Dance                 Hexes                        3
   e - Dazzling Spray                 Conjuration/Hexes            3
 W - a book of Cantrips

   Spells                             Type                      Level
   a - Confusing Touch                Hexes                        1
   b - Animate Skeleton               Necromancy                   1
   c - Summon Small Mammal            Summoning                    1
   d - Apportation                    Translocation                1
Comestibles
 c - 8 bread rations
 l - 7 meat rations
 G - 8 beef jerkies
 O - a royal jelly


   Skills:
 * Level 10.9(15.9) Fighting
 - Level 14.0(19.0) Long Blades
 - Level 2.8(7.8) Dodging
 - Level 1.7(6.7) Stealth
 - Level 10.1(15.1) Shields
 - Level 5.6 Invocations


You had 11 spell levels left.
You didn't know any spells.

Dungeon Overview and Level Annotations

Branches:
Dungeon (12/15)            Temple (0/1) D:6            Lair (4/6) D:11
 Shoals (0/4) Lair:2       Spider (0/4) Lair:2
    Orc: D:9-12

Altars:
Ashenzari
Cheibriados
Dithmenos
Okawaru
Qazlal

Shops:
D:5 ?   D:9 %   D:11 =

Annotations:
Lair:4 Rupert


Innate Abilities, Weirdness & Mutations

You have sharp fingernails.
You are partially covered in molten scales. (AC +2)
You regenerate a lot of health from kills.
You are completely covered in sharp spines.


Message History

You feel sick.
Okay, then.
You feel sick.
Rupert hits you with a battleaxe of venom!!
* * * LOW HITPOINT WARNING * * *
You are more poisoned.
Rupert hits you with a battleaxe of venom!!
* * * LOW HITPOINT WARNING * * *
You are more poisoned.
You feel much better.
You feel very sick.
Rupert hits you with a battleaxe of venom!
* * * LOW HITPOINT WARNING * * *
You are more poisoned.
You are confused.
You feel invigorated.
* * * LOW HITPOINT WARNING * * *
You feel very sick.
Rupert hits you with a battleaxe of venom!
You die...

#.. #.......##
##........#
##.........##
##.....[.....#
##............#
#............%###
##@.#...(........#
#..@.........<..#
##..............#
#...............#
#................#
#.................#
##.............####
#............##
#...........##


You could see Rupert (berserk).

Vanquished Creatures
  Fannar (D:10)
  Harold (D:11)
  Erica (D:10)
  2 hydras (Lair:2)
  The ghost of SharpCheddar the Grappler, a novice TrEE of Okawaru (Lair:1)
  Pikel (D:5)
  2 hill giants (D:11)
  2 ugly things (D:11)
  An oklob plant (Lair:1)
  A cyclops (D:11)
  A black mamba (Lair:3)
  4 spiny frogs
  A gargoyle (D:10)
  2 komodo dragons
  A troll (D:9)
  Grinder (D:5)
  3 hippogriffs
  A hornet (D:7)
  3 blink frogs (Lair:3)
  Prince Ribbit (D:9)
  2 shadows (D:11)
  2 wyverns
  33 yaks
  Eustachio (D:5)
  3 hungry ghosts
  Menkaure (D:5)
  4 water moccasins
  2 porcupines
  4 orc warriors
  11 ice beasts
  4 sky beasts
  4 black bears
  A slave (D:5)
  3 ogres
  2 phantoms
  6 wolves (Lair:3)
  3 necrophages
  2 centaurs
  7 crocodiles
  3 big kobolds
  16 bullfrogs
  A wyvern zombie (D:12)
  A wyvern skeleton (D:10)
  2 scorpions (D:4)
  11 killer bees (D:10)
  3 electric eels
  4 crimson imps
  A bullfrog zombie (D:9)
  5 centaur zombies
  2 hounds
  3 jellies
  8 orc priests
  A bullfrog skeleton (D:6)
  14 orc wizards
  6 iguanas
  10 worker ants
  A hound zombie (D:7)
  A hound skeleton (D:10)
  2 worker ant zombies (D:9)
  4 gnolls (D:4)
  12 adders
  A howler monkey skeleton (D:9)
  A shadow imp (D:9)
  2 adder zombies
  3 adder skeletons
  A worm (D:2)
  5 leopard geckos
  31 orcs
  2 ball pythons
  6 giant cockroaches
  7 hobgoblins
  4 jackals
  28 kobolds
  4 quokkas
  3 bats
  6 frilled lizards
  5 goblins
  A leopard gecko zombie (D:8)
  2 quokka skeletons
  8 rats
  A plant (Lair:2)
358 creatures vanquished.

Vanquished Creatures (others)
  2 centaurs
  An orc (D:10)
  4 fungi
  18 plants
25 creatures vanquished.

Grand Total: 383 creatures vanquished

Notes
Turn   | Place    | Note
-------+----------+-------------------------------------------
     0 | D:1      | Inchmeat the Demonspawn Monk began the quest for the Orb.
     0 | D:1      | Reached XP level 1. HP: 18/18 MP: 1/1
   134 | D:1      | Reached skill level 3 in Long Blades
   147 | D:1      | Gained mutation: You are partially covered in molten scales. (AC +2) [demonic ancestry]
   147 | D:1      | Reached XP level 2. HP: 22/24 MP: 2/2
   897 | D:2      | Reached XP level 3. HP: 21/29 MP: 3/3
  1006 | D:1      | Reached skill level 4 in Long Blades
  2190 | D:2      | Found an iron altar of Okawaru.
  2324 | D:2      | Became a worshipper of Warmaster Okawaru
  2324 | D:2      | Reached * piety under Okawaru
  2324 | D:2      | Reached ** piety under Okawaru
  2406 | D:3      | Gained mutation: You regenerate a little health from kills. [demonic ancestry]
  2406 | D:3      | Reached XP level 4. HP: 30/35 MP: 4/4
  2541 | D:3      | Noticed a sky beast
  2542 | D:3      | Found a shadowy altar of Dithmenos.
  2603 | D:3      | Killed a sky beast
  2603 | D:3      | Reached skill level 5 in Long Blades
  2603 | D:3      | Reached skill level 1 in Invocations
  2603 | D:3      | Gained mutation: You are partially covered in sharp spines. [demonic ancestry]
  2603 | D:3      | Reached XP level 5. HP: 27/41 MP: 4/6
  3356 | D:4      | Gained mutation: You regenerate health from kills. [demonic ancestry]
  3356 | D:4      | Reached XP level 6. HP: 18/47 MP: 7/7
  3540 | D:4      | Reached skill level 6 in Long Blades
  3699 | D:4      | Found a snail-covered altar of Cheibriados.
  4036 | D:4      | Found a stormy altar of Qazlal.
  4218 | D:5      | Entered Level 5 of the Dungeon
  4218 | D:5      | Found Duluxzonk's Magic Scroll Shop.
  4226 | D:5      | Bought a scroll of blinking for 90 gold pieces
  4293 | D:5      | Noticed a water moccasin
  4295 | D:5      | Noticed Eustachio
  4315 | D:5      | Killed a water moccasin
  4315 | D:5      | Reached *** piety under Okawaru
  4315 | D:5      | Reached skill level 7 in Long Blades
  4315 | D:5      | Gained mutation: You are mostly covered in sharp spines. [demonic ancestry]
  4315 | D:5      | Reached XP level 7. HP: 32/52 MP: 5/8
  4568 | D:5      | Killed Eustachio
  4753 | D:5      | Reached skill level 8 in Long Blades
  4764 | D:5      | Noticed Menkaure
  4770 | D:5      | Killed Menkaure
  4937 | D:5      | Noticed Pikel
  4987 | D:5      | Reached XP level 8. HP: 48/58 MP: 6/9
  5066 | D:5      | Killed Pikel
  5066 | D:5      | Reached **** piety under Okawaru
  5066 | D:5      | Reached skill level 9 in Long Blades
  5122 | D:5      | Noticed Grinder
  5141 | D:5      | Killed Grinder
  5141 | D:5      | Reached skill level 10 in Long Blades
  5503 | D:6      | Found a staircase to the Ecumenical Temple.
  5617 | D:6      | Gained mutation: You are completely covered in sharp spines. [demonic ancestry]
  5617 | D:6      | Reached XP level 9. HP: 52/63 MP: 10/10
  5816 | D:7      | Reached skill level 11 in Long Blades
  6056 | D:7      | Reached ***** piety under Okawaru
  6620 | D:8      | Reached skill level 12 in Long Blades
  7092 | D:8      | Received a gift from Okawaru
  7272 | D:8      | Gained mutation: You regenerate a lot of health from kills. [demonic ancestry]
  7272 | D:8      | Reached XP level 10. HP: 69/70 MP: 11/11
  7403 | D:8      | Reached skill level 13 in Long Blades
  8178 | D:9      | Noticed Prince Ribbit
  8196 | D:9      | Killed Prince Ribbit
  8212 | D:9      | Found Rohoz's Food Emporium.
  8236 | D:9      | Reached skill level 1 in Shields
  8390 | D:9      | Found a shattered altar of Ashenzari.
  8793 | D:9      | Got a smoking glass ring
  8795 | D:9      | Identified the ring of Syckanua {Int+4 Slay+2} (You found it on level 9 of the Dungeon)
  8888 | D:10     | Entered Level 10 of the Dungeon
  9151 | D:10     | Reached skill level 14 in Long Blades
  9336 | D:10     | Noticed Fannar
  9401 | D:10     | Killed Fannar
  9401 | D:10     | Reached skill level 5 in Shields
  9401 | D:10     | Reached XP level 11. HP: 34/75 MP: 13/13
  9514 | D:10     | Noticed Erica
  9531 | D:10     | Killed Erica
 10547 | D:6      | Received a gift from Okawaru
 11256 | D:11     | Noticed a purple ugly thing
 11271 | D:11     | Killed a purple ugly thing
 11293 | D:11     | Found a frozen archway.
 11536 | D:11     | Found a staircase to the Lair.
 11606 | D:11     | Noticed a red ugly thing
 11621 | D:11     | Killed a red ugly thing
 11621 | D:11     | Reached skill level 5 in Fighting
 11782 | D:11     | Noticed a hill giant
 11796 | D:11     | Killed a hill giant
 11854 | D:11     | Noticed Harold
 11872 | D:11     | Killed Harold
 12191 | D:11     | Identified a scroll of acquirement
 12235 | D:11     | Found Umefu's Jewellery Emporium.
 12241 | D:11     | Noticed a hill giant
 12253 | D:11     | Killed a hill giant
 12302 | D:11     | Reached skill level 5 in Invocations
 12309 | D:11     | Gained mutation: You have sharp fingernails. [demonic ancestry]
 12309 | D:11     | Reached XP level 12. HP: 89/89 MP: 7/15
 12591 | D:12     | Noticed a seven-headed hydra
 12927 | Lair:1   | Entered Level 1 of the Lair of Beasts
 12969 | Lair:1   | Noticed SharpCheddar's ghost (novice TrEE)
 13234 | Lair:1   | Killed SharpCheddar's ghost
 13394 | Lair:1   | Received a gift from Okawaru
 13542 | Lair:1   | Reached ****** piety under Okawaru
 13923 | Lair:2   | Found a staircase to the Shoals.
 13948 | Lair:2   | Found a hole to the Spider Nest.
 14109 | Lair:2   | Reached skill level 10 in Shields
 14554 | Lair:2   | Noticed a four-headed hydra
 14883 | Lair:2   | Noticed a four-headed hydra
 14892 | Lair:2   | Killed a four-headed hydra
 15044 | Lair:2   | Killed a 12-headed hydra
 15944 | Lair:3   | Reached skill level 10 in Fighting
 16336 | Lair:3   | Noticed an eight-headed hydra
 16688 | Lair:4   | Noticed Rupert
 16705 | Lair:4   | Slain by Rupert

Skill      XL: |  1  2  3  4  5  6  7  8  9 10 11 12 |
---------------+-------------------------------------+-----
Long Blades    | 3 4 5 7 8 10 12 14 | 14.0
Invocations    | 1 2 3 5 |  5.6
Shields        | 5 9 10 | 10.1
Fighting       | 6 10 | 10.9
Dodging        | |  2.8
Stealth        | |  1.7

Action                   |  1- 3 |  4- 6 |  7- 9 | 10-12 || total
-------------------------+-------+-------+-------+-------++-------
Melee: Falchion          |   139 |   118 |   305 |   589 ||  1151
       Punch             |       |       |     3 |     1 ||     4
       Demon blade       |       |       |       |   346 ||   346
Throw: Javelin           |       |       |       |     1 ||     1
Invok: Heroism           |       |     4 |     9 |    23 ||    36
       Finesse           |       |       |       |     7 ||     7
Evoke: Wand              |       |       |     3 |    17 ||    20
  Use: Scroll            |     7 |     4 |     4 |    20 ||    35
       Potion            |     1 |     3 |       |    13 ||    17
 Stab: Sleeping          |     6 |     1 |     5 |    10 ||    22
  Eat: Chunk             |     3 |     6 |    10 |    30 ||    49
       Pizza             |     1 |       |       |       ||     1
       Meat ration       |       |       |       |     1 ||     1
       Fruit             |       |       |       |     5 ||     5
       Royal jelly       |       |       |       |     1 ||     1
Armor: Robe              |    47 |    15 |       |       ||    62
       Skin              |       |    38 |       |       ||    38
       Leather armour    |       |     7 |    60 |   174 ||   241
Dodge: Dodged            |    98 |    74 |   139 |   258 ||   569
Block: Other             |       |     4 |    20 |    13 ||    37
       Shield            |       |       |     1 |   439 ||   440
       Reflection        |       |       |     1 |    16 ||    17
       Rpst.: Falchion   |    32 |    25 |    31 |    34 ||   122
       Demon blade       |       |       |       |    20 ||    20
